 Dungeon Crawl Stone Soup version 0.19.0-2-gae57169 (webtiles) character file.

8465 Gingerlord the Fighter (level 11, -2/89 HPs)
             Began as a Formicid Gladiator on Nov 5, 2016.
             Was an Elder of Makhleb.
             Slain by a freezing wraith (13 damage)
             ... in an ice cave.
             The game lasted 00:26:17 (9745 turns).

Gingerlord the Fighter (Formicid Gladiator)         Turns: 9745, Time: 00:26:17

Health: -2/89      AC: 19    Str: 20    XL:     11   Next: 56%
Magic:  0/25       EV: 10    Int:  8    God:    Makhleb [****..]
Gold:   273        SH:  0    Dex: 14    Spells: 0 memorised, 10 levels left

rFire  . . .     SeeInvis +     l - +1 lajatang
rCold  . . .     Gourm    .     C - +0 plate armour
rNeg   . . .     Faith    .     (no shield)
rPois  .         Spirit   +     (helmet unavailable)
rElec  .         Reflect  .     I - +2 cloak
rCorr  .         Harm     .     y - +0 pair of gloves
MR     +....                    (no boots)
Stlth  ..........               m - amulet of guardian spirit
                                g - +1 ring of protection
                                z - ring of magical power

@: no status effects
A: permanent stasis, dig shafts and tunnels, four strong arms, antennae 3
a: Dig, Shaft Self, Minor Destruction, Lesser Servant of Makhleb, Major
Destruction, Renounce Religion


You were in an ice cave.
You worshipped Makhleb.
Makhleb was greatly pleased with you.
You were not hungry.

You visited 2 branches of the dungeon, and saw 11 of its levels.
You also visited: Ice Cave.

You collected 558 gold pieces.
You spent 285 gold pieces at shops.

Inventory:

Hand Weapons
 a - a +0 quarterstaff
 l - a +1 lajatang (weapon)
Missiles
 c - 5 throwing nets (quivered)
Armour
 y - a +0 pair of gloves (worn)
 C - a +0 plate armour (worn)
 I - a +2 cloak (worn)
Jewellery
 g - a +1 ring of protection (right hand)
 m - an amulet of guardian spirit (around neck)
 z - a ring of magical power (left hand)
Wands
 i - a wand of lightning (5/15)
 o - a wand of iceblast (10/15)
Scrolls
 e - a scroll of magic mapping
 j - a scroll of amnesia
 k - a scroll of recharging
 n - 4 scrolls of fog
 r - 3 scrolls of remove curse
 v - a scroll of enchant weapon
 F - 6 scrolls of identify
 H - 3 scrolls of random uselessness
Potions
 b - 3 potions of lignification
 h - a potion of flight {unknown}
 q - a potion of agility
 u - a potion of cancellation {unknown}
 A - 2 potions of curing
 B - a potion of mutation {unknown}
 G - a potion of invisibility
Comestibles
 d - 7 bread rations
 f - 14 fruits
 p - 5 beef jerkies
 t - 4 meat rations


   Skills:
 + Level 9.1 Fighting
 + Level 8.8 Staves
 - Level 2.0 Throwing
 + Level 9.0 Armour
 + Level 8.0 Dodging
 * Level 6.6 Invocations


You had 10 spell levels left.
You didn't know any spells.

Dungeon Overview and Level Annotations

Branches:
Dungeon (10/15)            Temple (0/1) D:7            Lair (1/6) D:8
    Orc: D:9-12

Altars:
Cheibriados
Elyvilon
Makhleb
Nemelex Xobeh
Qazlal
Sif Muna
Yredelemnul
Zin

Shops:
D:4 }   D:7 !

Annotations:
D:5 Grinder


Innate Abilities, Weirdness & Mutations

You are under a permanent stasis effect.
You can dig through walls and to a lower floor.
Your four strong arms can wield two-handed weapons with a shield.
You have a pair of large antennae on your head. (SInv)


Message History

The freezing wraith drains your vigour!
Your stasis keeps you stable.
You hit the freezing wraith but do no damage.
The freezing wraith is moderately damaged.
The freezing wraith closely misses you. The freezing wraith hits you.
* * * LOW HITPOINT WARNING * * *
The freezing wraith drains your vigour!
Your stasis keeps you stable.
A demon appears!
The freezing wraith hits you but does no damage.
The freezing wraith barely misses you.
You slash the freezing wraith!
The freezing wraith is moderately damaged.
The freezing wraith hits you but does no damage. x2
Your orange demon stings the freezing wraith!
Your orange demon hits the freezing wraith but does no damage.
You barely miss the freezing wraith.
The freezing wraith is severely damaged.
The freezing wraith hits you!
* * * LOW HITPOINT WARNING * * *
The freezing wraith freezes you!!
You die...

##...###..##
##...###..##
##...###..##
###...###...#
##....##
#..## ##
#....##
#...### ###.
#..###
##....###...
{ #...##
##.........
{{ ##..@###
####......
###.W.###
##.....
###4..#
##....
##....# ##.#.
##....# ####
{ #... ## #.
##. #.. #..


You could see a freezing wraith and a friendly orange demon.

Vanquished Creatures
  An unseen horror (D:10)
  Pikel (D:4)
  Joseph (D:9)
  4 freezing wraiths (IceCv)
  Prince Ribbit (D:9)
  2 death yak simulacra (IceCv)
  A water moccasin (Lair:1)
  Purgy (D:6)
  4 orc warriors
  6 sky beasts
  A slave (D:4)
  16 ice beasts
  8 ogres
  3 centaurs
  4 bullfrogs
  2 big kobolds
  A scorpion (D:9)
  2 swamp dragon simulacra (IceCv)
  6 killer bees
  3 wights
  A howler monkey (D:8)
  A bullfrog zombie (D:5)
  6 crimson imps
  2 jellies (D:5)
  A centaur zombie (D:8)
  3 quasits
  3 hounds
  An orc priest (D:8)
  A bullfrog skeleton (D:10)
  2 orc wizards (D:7)
  Ijyb (D:2)
  Natasha (D:2)
  An iguana (D:7)
  7 worker ants
  A worker ant zombie (D:7)
  Robin (D:2)
  7 adders
  A shadow imp (D:8)
  5 white imps (IceCv)
  An ooze (D:8)
  2 adder skeletons
  2 adder zombies
  2 worms
  2 dart slugs (D:3)
  2 leopard geckos
  28 orcs
  A ball python (D:1)
  A giant cockroach (D:1)
  7 goblins
  7 hobgoblins
  8 jackals
  18 kobolds
  3 quokkas
  6 bats
  5 frilled lizards
  A leopard gecko zombie (D:7)
  A quokka skeleton (D:5)
  22 rats
233 creatures vanquished.

Vanquished Creatures (collateral kills)
  A freezing wraith (IceCv)
1 creature vanquished.

Vanquished Creatures (others)
  A slave (D:4)
  An adder (D:4)
  An ooze (D:4)
  An adder skeleton (D:4)
4 creatures vanquished.

Grand Total: 238 creatures vanquished

Notes
Turn   | Place    | Note
-------+----------+-------------------------------------------
     0 | D:1      | Gingerlord the Formicid Gladiator began the quest for the Orb.
     0 | D:1      | Reached XP level 1. HP: 16/16 MP: 1/1
   165 | D:1      | Reached XP level 2. HP: 18/22 MP: 2/2
   805 | D:2      | Reached XP level 3. HP: 23/28 MP: 3/3
   915 | D:2      | Found a burning altar of Makhleb.
   926 | D:2      | Became a worshipper of Makhleb the Destroyer
  1081 | D:2      | Reached skill level 1 in Armour
  1150 | D:2      | Reached XP level 4. HP: 31/34 MP: 4/4
  1210 | D:2      | Noticed Ijyb
  1241 | D:2      | Killed Ijyb
  1253 | D:2      | Noticed Robin
  1261 | D:2      | Killed Robin
  1377 | D:2      | Noticed Natasha
  1385 | D:2      | Killed Natasha
  1385 | D:2      | Reached XP level 5. HP: 23/41 MP: 5/5
  1527 | D:2      | Found a faded altar of an unknown god.
  1527 | D:2      | Found a stormy altar of Qazlal.
  1533 | D:2      | Found a faded altar of an unknown god.
  1535 | D:2      | Found a faded altar of an unknown god.
  1536 | D:2      | Found a faded altar of an unknown god.
  1779 | D:3      | Reached * piety under Makhleb
  2273 | D:4      | Noticed a slave
  2308 | D:4      | Killed a slave
  2417 | D:4      | Found Ytiziy's Gadget Shop.
  2474 | D:4      | Noticed a slave
  2474 | D:4      | Noticed Pikel
  2475 | D:4      | Noticed a slave
  2479 | D:4      | Noticed a slave
  2498 | D:4      | Killed Pikel
  2498 | D:4      | Reached XP level 6. HP: 28/49 MP: 6/6
  2498 | D:4      | Reached XP level 7. HP: 32/55 MP: 7/7
  2513 | D:4      | Noticed Purgy
  3010 | D:4      | Reached ** piety under Makhleb
  3010 | D:4      | Reached skill level 5 in Staves
  3325 | D:5      | Entered Level 5 of the Dungeon
  3364 | D:5      | Noticed a wraith
  3503 | D:5      | Reached XP level 8. HP: 42/61 MP: 8/8
  3682 | D:5      | Reached skill level 5 in Fighting
  3761 | D:5      | HP: 3/62 [acid (7)]
  4230 | D:5      | Found a basalt altar of Yredelemnul.
  4307 | D:5      | Found a white marble altar of Elyvilon.
  4354 | D:5      | Noticed Grinder
  4674 | D:6      | Reached skill level 5 in Dodging
  4833 | D:6      | Killed Purgy
  4859 | D:6      | Reached skill level 5 in Armour
  4917 | D:6      | Reached XP level 9. HP: 44/69 MP: 9/9
  5465 | D:7      | Reached *** piety under Makhleb
  5714 | D:7      | Found a staircase to the Ecumenical Temple.
  5725 | D:7      | Found Ukeiridu's Distillery.
  5738 | D:7      | Bought a potion of invisibility for 120 gold pieces
  5738 | D:7      | Bought a potion of curing for 45 gold pieces
  5738 | D:7      | Bought a potion of curing for 45 gold pieces
  5738 | D:7      | Bought a potion of heal wounds for 75 gold pieces
  5746 | D:7      | Found a sparkling altar of Nemelex Xobeh.
  6839 | D:8      | Reached XP level 10. HP: 70/79 MP: 10/10
  6842 | D:8      | Found a sparkling altar of Nemelex Xobeh.
  7190 | D:8      | Reached **** piety under Makhleb
  7258 | D:8      | Found a glowing silver altar of Zin.
  7288 | D:8      | Found a staircase to the Lair.
  7693 | D:9      | Noticed Joseph
  7707 | D:9      | Killed Joseph
  7764 | D:10     | Entered Level 10 of the Dungeon
  8054 | D:10     | Reached skill level 1 in Invocations
  8279 | D:10     | Noticed an unseen horror
  8290 | D:10     | Killed an unseen horror
  8321 | D:10     | Noticed a hill giant
  8591 | D:9      | Found a snail-covered altar of Cheibriados.
  8645 | D:9      | Noticed Prince Ribbit
  8685 | D:9      | Killed Prince Ribbit
  8685 | D:9      | Reached XP level 11. HP: 62/87 MP: 13/13
  8779 | D:9      | Found a deep blue altar of Sif Muna.
  8830 | Lair:1   | Entered Level 1 of the Lair of Beasts
  8845 | Lair:1   | Found a frozen archway.
  9118 | Lair:1   | Reached skill level 5 in Invocations
  9127 | IceCv    | Entered an ice cave
  9139 | IceCv    | Reached ***** piety under Makhleb
  9745 | IceCv    | Slain by a freezing wraith

Skill      XL: |  1  2  3  4  5  6  7  8  9 10 11 |
---------------+----------------------------------+-----
Dodging        | 3 4 5 6 7 8 |  8.0
Armour         | 1 2 3 4 5 7 8 9 |  9.0
Fighting       | 3 4 6 7 8 9 |  9.1
Staves         | 4 5 6 7 8 |  8.8
Invocations    | 3 6 |  6.6
Throwing       | |  2.0

Action                   |  1- 3 |  4- 6 |  7- 9 | 10-12 || total
-------------------------+-------+-------+-------+-------++-------
Melee: Quarterstaff      |    89 |   138 |   192 |       ||   419
       Lajatang          |       |       |   247 |   472 ||   719
Invok: Minor Destruction |       |       |     3 |       ||     3
       Lesser Servant of |       |       |       |     5 ||     5
       Major Destruction |       |       |       |     1 ||     1
 Abil: Dig               |       |       |     1 |     5 ||     6
  Use: Scroll            |       |     5 |     1 |    11 ||    17
       Potion            |       |     1 |     3 |     4 ||     8
  Eat: Chunk             |     1 |     3 |     6 |     4 ||    14
       Pizza             |       |       |     2 |       ||     2
       Bread ration      |       |       |     1 |       ||     1
       Fruit             |       |       |     1 |       ||     1
       Beef jerky        |       |       |       |     4 ||     4
       Royal jelly       |       |       |       |     1 ||     1
Armor: Chain mail        |    59 |    91 |   197 |       ||   347
       Leather armour    |     4 |       |       |       ||     4
       Plate armour      |       |       |   221 |   358 ||   579
Dodge: Dodged            |    36 |    69 |   276 |   291 ||   672
